 Dungeon Crawl Stone Soup version 0.27.0-1-g7a089689b8 (webtiles) character file.

Game seed: 13112581290886783330

85 MajorAdolf the Sneak (level 4, -7/39 HPs)
             Began as a Naga Wanderer on Aug 4, 2021.
             Blown up by Ijyb (9 damage)
             ... with a mindburst bolt
             ... on level 3 of the Dungeon.
             The game lasted 00:05:18 (2792 turns).

MajorAdolf the Sneak (Naga Wanderer)                Turns: 2792, Time: 00:05:19

Health: -7/39      AC:  2    Str: 14    XL:     4   Next: 48%
Magic:  5/5        EV:  9    Int: 14    God:
Gold:   105        SH:  3    Dex: 10    Spells: 5/5 levels left

rFire    . . .     SeeInvis +   a - +2 mace
rCold    . . .     Faith    .   g - +0 buckler
rNeg     . . .     Spirit   .   d - +0 robe
rPois    +         Reflect  .   (no helmet)
rElec    .         Harm     .   (no cloak)
rCorr    .         Rampage  .   (no gloves)
Will     .....                  (no barding)
Stlth    +++.......             (no amulet)
HPRegen  0.13/turn              (no ring)
MPRegen  0.09/turn              (no ring)

@: short of breath, very slow
A: AC +1, large, see invisible, deformed body, poison resistance, slowness 2,
spit poison 1, naga tail 1
a: Spit Poison


You were on level 3 of the Dungeon.
You visited 1 branch of the dungeon, and saw 3 of its levels.

You collected 105 gold pieces.

Inventory:

Hand Weapons
 a - a +2 mace (weapon)
 b - a +0 hand axe
Armour
 d - a +0 robe (worn)
 g - a +0 buckler (worn)
Scrolls
 c - 4 scrolls of teleportation
 e - a scroll of fear {unknown}
 f - a scroll of holy word {unknown}
 h - a scroll of identify {unknown}


   Skills:
 - Level 2.0 Fighting
 - Level 1.0 Maces & Flails
 - Level 1.0 Throwing
 - Level 1.5 Armour
 + Level 5.6 Stealth
 + Level 1.5 Shields
 - Level 1.0 Spellcasting
 - Level 2.0 Fire Magic


You had 5 spell levels left.
You didn't know any spells.
Your spell library was empty.

Dungeon Overview and Level Annotations

Branches:
Dungeon (3/15)

Altars:

Shops:
D:2 *?:[(

Annotations:
D:3 Ijyb


Innate Abilities, Weirdness & Mutations

Your serpentine skin is tough. (AC +1)
You have supernaturally acute eyesight. (SInv)
Armour fits poorly on your strangely shaped body.
Your system is resistant to poisons. (rPois)
You cover ground very slowly.
You can spit poison.
You have a snake-like lower body.


Message History

Ijyb screams, "I no like you!" Ijyb barely misses you.
Press: ? - help, Shift-Dir - straight line, f - Ijyb
Aim: Ijyb, wielding a +0 dagger, wearing a +3 leather armour and carrying a wand of mindburst (8)
The splash of poison misses Ijyb.
Ijyb closely misses you.
You hit Ijyb but do no damage. Ijyb hits you with a +0 dagger.
You closely miss Ijyb.
Ijyb zaps a wand.
Your mind is blasted!
Unknown command.
You barely miss Ijyb.
You have got your breath back.
Ijyb hits you with a +0 dagger. x2
The splash of poison hits Ijyb.
Ijyb is poisoned.
Ijyb is moderately wounded.
Ijyb screams, "I no like you!" Ijyb hits you but does no damage.
You hit Ijyb.
Ijyb is moderately wounded.
Ijyb completely misses you.
You hit Ijyb but do no damage.
Ijyb is heavily wounded.
You have got your breath back.
Ijyb hits you with a +0 dagger.
You are too injured to fight recklessly!
Abil: Spit Poison
Press: ? - help, Q - select action Shift-Dir - straight line, f/p - Ijyb
Aim: Ijyb, wielding a +0 dagger, wearing a +3 leather armour and carrying a wand of mindburst (7) (heavily wounded, poisoned)
The splash of poison hits Ijyb but does no damage.
Ijyb looks even sicker.
Ijyb is heavily wounded.
Ijyb zaps a wand.
Your mind is blasted!
* * * LOW HITPOINT WARNING * * *
Unknown command.
You aren't carrying any potions.
Unknown command.
You barely miss Ijyb.
Ijyb is heavily wounded.
Ijyb hits you with a +0 dagger.
* * * LOW HITPOINT WARNING * * *
Ijyb zaps a wand.
Your mind is blasted!
You die...

##############
#.......g@...#
.......####.#.#
##..##. #.#.#
#. #. #.#.# #.
#.#.#
..##.####.#.##
.............#
..##.###<....#
##.###...>.#


You could see Ijyb (very poisoned).

Vanquished Creatures
  3 adders
  A worm (D:2)
  4 ball pythons
  5 endoplasms
  5 giant cockroaches
  4 goblins
  5 hobgoblins
  5 jackals (D:1)
  2 quokkas
  4 bats
  A frilled lizard (D:1)
  3 kobolds
  8 rats
50 creatures vanquished.

Notes
Turn   | Place    | Note
-------+----------+-------------------------------------------
     0 | D:1      | MajorAdolf the Naga Wanderer began the quest for the Orb.
     0 | D:1      | MajorAdolf set off with the following items: a +2 mace, a
                  | +0 hand axe, a scroll of teleportation, a +0 robe
     0 | D:1      | Reached XP level 1. HP: 19/19 MP: 2/2
   224 | D:1      | Reached skill level 2 in Stealth
   450 | D:1      | Reached skill level 3 in Stealth
   450 | D:1      | Reached XP level 2. HP: 26/26 MP: 3/3
   500 | D:1      | Found a faded altar of an unknown god.
   717 | D:1      | Reached skill level 4 in Stealth
  1050 | D:1      | Reached XP level 3. HP: 32/32 MP: 4/4
  1582 | D:2      | Found Qyimuade's Magic Scroll Boutique.
  1735 | D:2      | Found Jetel's Assorted Antiques.
  1767 | D:2      | Reached skill level 5 in Stealth
  1817 | D:2      | Reached skill level 1 in Shields
  2285 | D:2      | Reached XP level 4. HP: 39/39 MP: 5/5
  2556 | D:2      | Found Moj Xin's Book Shoppe.
  2635 | D:2      | Found Egraacriecw's Antique Armour Emporium.
  2637 | D:2      | Found Nagude's Weapon Shoppe.
  2770 | D:3      | Noticed Ijyb
  2792 | D:3      | Blown up by Ijyb

Illustrated notes

Levels and vault maps discovered:
D:1:      dpeg_arrival_tiny_a, layout_loops_corners,
          hellmonk_ecumenical_altar_arch_garden
D:2:      layout_basic, serial_shops, shop, shop, shop, shop_statue,
          nicolae_shop_statue_plus, grunt_decor_mini_mirrors
D:3:      layout_loops_ring, uniq_sigmund, uniq_ijyb, uniq_crazy_yiuf_cottage

Skill      XL: |  1  2  3 |
---------------+----------+-----
Stealth        | 3 4 5 |  5.6
Shields        | 1 |  1.5
Fighting       | |  2.0
Maces & Flails | |  1.0
Throwing       | |  1.0
Armour         | |  1.5
Spellcasting   | |  1.0
Fire Magic     | |  2.0

Action                   |  1- 3 |  4- 6 || total
-------------------------+-------+-------++-------
Melee: Mace              |    17 |    24 ||    41
 Abil: Spit Poison       |    50 |     8 ||    58
 Stab: Sleeping          |       |     3 ||     3
Armor: Robe              |     4 |     6 ||    10
Dodge: Dodged            |    19 |     9 ||    28
Block: Buckler           |     4 |     6 ||    10
